 Dungeon Crawl Stone Soup version 0.28-a0-932-g843f935a50 (webtiles) character file.

Game seed: 15803401453103299119

205 funkygono the Digger (level 5, 0/28 HPs)
             Began as a Gargoyle Earth Elementalist on Nov 27, 2021.
             Slain by Natasha (6 damage)
             ... on level 3 of the Dungeon.
             The game lasted 00:05:37 (3482 turns).

funkygono the Digger (Gargoyle Earth Elementalist)  Turns: 3482, Time: 00:05:38

Health: 0/28       AC: 12    Str: 11    XL:     5   Next: 83%
Magic:  8/9        EV: 12    Int: 17    God:
Gold:   116        SH:  0    Dex: 10    Spells: 3/9 levels left

rFire   . . .      SeeInvis .   n - +0 flail
rCold   . . .      Faith    .   (no shield)
rNeg    + . .      Spirit   .   j - +0 steam dragon scales
rPois   ∞          Reflect  .   q - +0 helmet
rElec   +          Harm     .   g - +1 cloak
rCorr   .          Rampage  .   (no gloves)
Will    .....                   (no boots)
Stlth   ++........              (no amulet)
HPRegen 0.09/turn               (no ring)
MPRegen 0.11/turn               (no ring)

@: no status effects
A: sickness immunity, AC +4, negative energy resistance 1, electricity
resistance, torment resistance 1, petrification resistance
a: no special abilities


You were on level 3 of the Dungeon.
You visited 1 branch of the dungeon, and saw 3 of its levels.

You collected 116 gold pieces.

Inventory:

Hand Weapons
 n - a +0 flail (weapon)
Missiles
 c - 75 stones
Armour
 b - a +0 robe
 e - a +2 tower shield
 g - a +1 cloak (worn)
 j - +0 steam dragon scales (worn)
 q - a +0 helmet (worn)
Jewellery
 d - an amulet of guardian spirit
Scrolls
 a - a scroll of immolation {unknown}
 m - a scroll of identify
 o - 2 scrolls of teleportation {unknown}
 p - a scroll of brand weapon {unknown}
 r - 2 scrolls of enchant weapon {unknown}
Potions
 f - 2 potions of might {unknown}
 h - 3 potions of lignification
 i - 3 potions of curing {unknown}
 k - 2 potions of heal wounds {unknown}
 l - a potion of flight {unknown}


   Skills:
 + Level 0.5 Fighting
 + Level 0.9 Maces & Flails
 + Level 2.2 Dodging
 + Level 2.9 Stealth
 + Level 2.9 Spellcasting
 * Level 1.7 Conjurations
 + Level 0.7 Transmutations
 + Level 5.5 Earth Magic


You had 3 spell levels left.
You knew the following spells:

 Your Spells              Type           Power      Damage    Failure   Level
a - Sandblast             Erth           42%        2d11      1%          1
b - Passwall              Tmut/Erth      10%        N/A       8%          2
c - Stone Arrow           Conj/Erth      28%        3d8       12%         3

Your spell library contained the following spells:

 Spells                   Type           Power      Damage    Failure   Level
 Petrify                  Tmut/Erth      13%        N/A       43%         4


Dungeon Overview and Level Annotations

Branches:
Dungeon (3/15)

Altars:
Kikubaaqudgha

Shops:
D:3 *

Annotations:
D:3 Natasha


Innate Abilities, Weirdness & Mutations

You are immune to sickness and miasma.
Your stone body is resilient. (AC +4)
You are immune to poison.
You resist negative energy. (rN+)
You are resistant to electric shocks. (rElec)
You are resistant to unholy torment.
You are immune to petrification.


Message History

Confirm with . or Enter, or press ? or * to list all spells.
You can't see any susceptible monsters within range! (Use Z to cast anyway.) Unknown command.
Found Dyitzume's General Store.
r - 2 scrolls labelled MATOIH ADETA (gained 1)
You now have 116 gold pieces (gained 12).
There is an entrance to Dyitzume's General Store here.
You can access your shopping list by pressing '$'.
Found a stone staircase leading down.
A rat comes into view.
The rat bites you but does no damage.
You barely miss the rat. The rat closely misses you.
You hit the rat but do no damage. The rat closely misses you.
The rat bites you but does no damage.
You hit the rat.
You kill the rat!
c - 76 stones (gained 17)
There is an open door here.
Natasha, Servant of Life and Death comes into view.
Natasha hisses angrily.
Natasha casts a spell at you. The magic dart hits you.
There is an open door here.
Natasha barely misses you.
Casting: Sandblast (safe; 1% risk of failure)
Confirm with . or Enter, or press ? or * to list all spells.
Aiming: Sandblast (safe; 1% risk of failure)
Press: ? - help, Shift-Dir - straight line, f - Natasha
Aim: Natasha (76% to hit)
The blast of sand hits Natasha.
Natasha is lightly wounded.
Natasha casts a spell at you. The magic dart hits you!
Unknown command.
You sock Natasha!
Natasha is severely wounded.
Natasha claws you!
* * * LOW HITPOINT WARNING * * *
Natasha claws you.
You die...

.############.##.##.#.# #.
..............##.##.#.#.# #.
##.......#######'##.#.#.# #.
#.......# #.......#.#.# #.
#.......# #.......#.#.########.
#.......# #.......#.#.#........
##.......# ####'##.#.#.#.#######
.........# #.##...#.#.#
.........# ###@##.......#######
...###########..h...............#
...# #....##.#.##.####.######.#
...## #....##.#.##.##........#.#
...†# #....##.#....##.###.##.#.#
....####....##.#######.# #.##.#.#
......>+....'..........# #.##.#.#
########....##.###########.##.#.#
########.....#.#...........##.#.#


You could see Natasha.

Vanquished Creatures
  Terence (D:2)
  An orc wizard (D:2)
  Robin (D:3)
  A gnoll (D:1)
  5 adders
  3 worms (D:2)
  A dart slug (D:2)
  3 orcs (D:2)
  4 ball pythons (D:1)
  4 endoplasms
  4 giant cockroaches
  14 goblins
  10 hobgoblins
  4 jackals
  A quokka (D:1)
  2 bats
  4 frilled lizards
  A kobold (D:2)
  6 rats
70 creatures vanquished.

Notes
Turn   | Place    | Note
-------+----------+-------------------------------------------
     0 | D:1      | funkygono the Gargoyle Earth Elementalist began the quest
                  | for the Orb.
     0 | D:1      | Reached XP level 1. HP: 10/10 MP: 3/3
   104 | D:1      | Reached XP level 2. HP: 10/15 MP: 0/5
   113 | D:1      | Reached skill level 4 in Earth Magic
   479 | D:1      | Reached XP level 3. HP: 19/19 MP: 3/6
   482 | D:1      | Learned a level 2 spell: Passwall
   486 | D:1      | Learned a level 3 spell: Stone Arrow
  1546 | D:2      | Reached XP level 4. HP: 23/24 MP: 4/7
  1630 | D:2      | Reached skill level 1 in Conjurations
  1823 | D:2      | Noticed Terence
  1833 | D:2      | Killed Terence
  1978 | D:2      | Found an ancient bone altar of Kikubaaqudgha.
  2044 | D:2      | Reached XP level 5. HP: 28/28 MP: 7/9
  2068 | D:2      | Reached skill level 5 in Earth Magic
  2584 | D:3      | Noticed Robin
  2625 | D:3      | Killed Robin
  3141 | D:3      | Found Dyitzume's General Store.
  3477 | D:3      | Noticed Natasha
  3482 | D:3      | Slain by Natasha

Illustrated notes

Levels and vault maps discovered:
D:1:      lightli_arrival_statue_moat, layout_basic, minmay_statues_item,
          chequers_serial_rivers_room_a
D:2:      layout_basic, basic_altar, grunt_ministairs_13, uniq_terence
D:3:      layout_basic, serial_shops, shop_fountains, uniq_natasha, uniq_robin

Skill      XL: |  1  2  3  4  5 |
---------------+----------------+-----
Earth Magic    | 4 5 |  5.5
Dodging        | 2 |  2.2
Conjurations   | 1 |  1.7
Fighting       | |  0.5
Maces & Flails | |  0.9
Stealth        | |  2.9
Spellcasting   | |  2.9
Transmutations | |  0.7

Action                   |  1- 3 |  4- 6 || total
-------------------------+-------+-------++-------
Melee: Club              |    48 |    46 ||    94
       Flail             |       |    69 ||    69
 Cast: Sandblast         |    30 |    49 ||    79
  Use: Scroll            |     1 |     1 ||     2
 Stab: Sleeping          |     1 |       ||     1
Armor: Robe              |    18 |       ||    18
       Steam dragon scal |     1 |    68 ||    69
Dodge: Dodged            |    32 |    93 ||   125

Table legend: (Time is in decaauts)
 A = Elapsed time spent in this place.
 B = Non-inter-level travel time spent in this place.
 C = Inter-level travel time spent in this place.
 D = Time resting spent in this place.
 E = Time spent auto-exploring this place.
 F = Levels seen in this place.
 G = Mean time per level.
                   A        B        C        D        E       F      G
               +--------+--------+--------+--------+--------+-----+--------+
         Total |   3531 |   3492 |     39 |     14 |   2836 |   3 | 1177.0 |
       Dungeon |   3531 |   3492 |     39 |     14 |   2836 |   3 | 1177.0 |
               +--------+--------+--------+--------+--------+-----+--------+

Top non-repeatable levels by time:
     D:2: 1383 daAuts
     D:1: 1127 daAuts
     D:3: 1020 daAuts
